 Dungeon Crawl Stone Soup version 0.30-a0-777-ga9a30cbeda (webtiles) character file.

Game seed: 17165112765532855963

73345 FalseProphet the Warrior (level 15, 0/107 HPs)
             Began as a Gargoyle Gladiator on Feb 14, 2023.
             Was a High Priest of Okawaru.
             Slain by a culicivora simulacrum (27 damage)
             ... on level 3 of the Lair of Beasts.
             The game lasted 00:38:17 (20121 turns).

FalseProphet the Warrior (Gargoyle Gladiator)      Turns: 20121, Time: 00:38:17

Health: 0/107      AC: 46    Str: 21    XL:     15   Next: 43%
Magic:  14/22      EV: 14    Int: 11    God:    Okawaru [*****.]
Gold:   2738       SH:  0    Dex: 15    Spells: 14/14 levels left

rFire   . . .      SeeInvis +    F - +9 flail "Laimoul" {spect, rCorr Str+2}
rCold   . . .      Faith    .    (no shield)
rNeg    + . .      Spirit   .    T - +3 crystal plate armour of the Devil's Advocate {Harm Will+ Int+2}
rPois   ∞          Reflect  .    c - +1 helmet
rElec   +          Harm     +    r - scarf {repulsion}
rCorr   +          Rampage  .    a - +1 pair of gloves {infuse}
Will    ++...                    (no boots) Stlth
                                 (no amulet)
HPRegen 0.37/turn                q - +5 ring of evasion
MPRegen 0.18/turn                y - ring of see invisible

@: heroic, flying, repel missiles
A: sickness immunity, AC +11, big wings, negative energy resistance 1,
electricity resistance, torment resistance 1, petrification resistance, weak 1
a: Renounce Religion, Heroism, Finesse, Duel


You were on level 3 of the Lair of Beasts.
You worshipped Okawaru.
Okawaru was extremely pleased with you.
You visited 6 branches of the dungeon, and saw 20 of its levels.
You also visited: Sewer, Ossuary, Bailey and Volcano.

You collected 2972 gold pieces.
You spent 234 gold pieces at shops.

Inventory:

Hand Weapons
 j - the +1 morningstar "Orb Guardian's Curse" {venom, rC+ Str+3 Dex+2}
   (You bought it in a shop on level 2 of the Orcish Mines)

   Str:       It affects your strength (+3).
   Dex:       It affects your dexterity (+2).
   rC:        It protects you from cold.
 F - the +9 flail "Laimoul" (weapon) {spect, rCorr Str+2}
   (You found it on level 7 of the Dungeon)

   Str:       It affects your strength (+2).
   rCorr:     It protects you from acid and corrosion.
 N - a +4 great mace of electrocution
 Q - a +1 dire flail
Missiles
 d - 3 throwing nets (quivered)
Armour
 a - a +1 pair of gloves of infusion (worn)
 c - a +1 helmet (worn)
 r - a scarf of repulsion (worn)
 T - the +3 crystal plate armour of the Devil's Advocate (worn) {Harm Will+ Int+2}
   (Okawaru gifted it to you on level 4 of the Lair of Beasts)

   Int:       It affects your intelligence (+2).
   Harm:      It increases damage dealt and taken.
   Will:      It increases your willpower.
Jewellery
 q - a +5 ring of evasion (left hand)
 u - a ring of resist corrosion
 y - a ring of see invisible (right hand)
 G - a +6 ring of strength
 U - an amulet of faith
 W - a ring of willpower
Wands
 e - a wand of mindburst (8)
 v - a wand of flame (25)
 I - a wand of iceblast (18)
 S - a wand of digging (6)
Scrolls
 i - 12 scrolls of teleportation
 k - 19 scrolls of identify
 m - 2 scrolls of blinking
 o - a scroll of fear
 D - 6 scrolls of poison
 H - a scroll of silence
 O - 2 scrolls of summoning
 R - 2 scrolls of enchant weapon
 V - a scroll of brand weapon
 X - a scroll of fog
 Y - a scroll of magic mapping
Potions
 b - 2 potions of brilliance
 f - 3 potions of magic
 g - 2 potions of attraction
 h - 3 potions of lignification
 n - 8 potions of curing
 w - 5 potions of might
 A - a potion of haste
 C - 2 potions of invisibility
 E - a potion of heal wounds
 K - 4 potions of cancellation
 M - 2 potions of flight
Miscellaneous
 t - a piece from Xom's chessboard (15/15)


   Skills:
 + Level 17.5(22.5) Fighting
 + Level 16.7(21.7) Maces & Flails
 + Level 1.9(6.9) Throwing
 + Level 14.2(19.2) Armour
 + Level 5.2(10.2) Dodging
 + Level 5.1(10.1) Stealth
 * Level 9.4 Invocations


You had 14 spell levels left.
You didn't know any spells.
Your spell library contained the following spells:

 Spells                   Type           Power      Damage    Failure   Level
 Freeze                   Ice            0%         1d3       100%        1
 Ensorcelled Hibernation  Hex/Ice        0%         N/A       100%        2
 Passwall                 Tmut/Erth      0%         N/A       100%        2
 Scorch                   Fire           0%         2d5       100%        2
 Dazzling Flash           Conj/Hex       0%         N/A       100%        3
 Frozen Ramparts          Ice            0%         1d1       100%        3
 Hailstorm                Conj/Ice       0%         3d3       100%        3
 Ignite Poison            Fire/Tmut/Pois 0%         N/A       100%        3
 Kindle Blastsparks       Fire/Tloc/Air  0%         2d10      100%        3
 Swiftness                Air            0%         N/A       100%        3
 Flame Wave               Conj/Fire      0%         2d4       100%        4
 Petrify                  Tmut/Erth      0%         N/A       100%        4
 Agony                    Necr           0%         N/A       100%        5
 Freezing Cloud           Conj/Ice/Air   0%         6-21      100%        5
 Irradiate                Conj/Tmut      0%         3d11      100%        5
 Silence                  Hex/Air        0%         N/A       100%        5
 Sublimation of Blood     Necr           Unusable   N/A       N/A         2
 Summon Cactus Giant      Summ           Unusable   N/A       N/A         6

Dungeon Overview and Level Annotations

Branches:
Dungeon (10/15)            Temple (1/1) D:5            Lair (5/5) D:10
  Swamp (1/4) Lair:2       Spider (1/4) Lair:3        Slime (0/5) Lair:5
    Orc (2/2) D:9             Elf (0/3) Orc:2         Sewer (visited)
Ossuary (visited)          Bailey (visited)         Volcano (visited)

Altars:
Ashenzari
Cheibriados
Dithmenos
Fedhas
Gozag
Hepliaklqana
Kikubaaqudgha
Makhleb
Nemelex Xobeh
Okawaru
Qazlal
Ru
Sif Muna
Trog
Uskayaw
Vehumet
Wu Jian
Xom
Yredelemnul
Zin
The Shining One

Shops:
D:1 *:(:   D:6 *(   Orc:2 ::([

Annotations:
D:5 2 transporters, sircluck's ghost, amateur TrDe


Innate Abilities, Weirdness & Mutations

You are immune to sickness and miasma.
Your stone body is resilient. (AC +11)
You are immune to poison.
Your large and strong wings let you fly.
You resist negative energy. (rN+)
You are resistant to electric shocks. (rElec)
You are resistant to unholy torment.
You are immune to petrification.
You are weak. (Str -2)


Message History

Okawaru accepts your kill.
A freezing mist starts to gather...
A redback simulacrum comes into view.
The redback barely misses you.
The culicivora bites you but does no damage.
You barely miss the culicivora.
Your +9 flail "Laimoul" {spect, rCorr Str+2} hits the culicivora!!
The redback bites you but does no damage.
The culicivora completely misses you.
You miss the culicivora.
The culicivora is heavily wounded.
Your +9 flail "Laimoul" {spect, rCorr Str+2} hits the culicivora!
The redback simulacrum bites your +9 flail "Laimoul" {spect, rCorr Str+2}.
Your spectral weapon shares its damage with you!
The redback simulacrum freezes your +9 flail "Laimoul" {spect, rCorr Str+2}.
Your +9 flail "Laimoul" {spect, rCorr Str+2} resists.
Your spectral weapon shares its damage with you!
* * * LOW HITPOINT WARNING * * *
The redback bites you but does no damage.
The culicivora closely misses your +9 flail "Laimoul" {spect, rCorr Str+2}.
You catch the helpless culicivora completely off-guard!
You sock the culicivora!
You kill the culicivora!
Okawaru accepts your kill.
A freezing mist starts to gather...
A culicivora simulacrum comes into view.
The redback closely misses you.
You gain the combat prowess of a mighty hero.
The redback bites you but does no damage.
The redback simulacrum closely misses you.
The culicivora simulacrum bites you but does no damage.
The redback bites you but does no damage.
The redback simulacrum closely misses you.
You barely miss the culicivora simulacrum.
Your +9 flail "Laimoul" {spect, rCorr Str+2} hits the culicivora simulacrum!
The redback bites you but does no damage.
The culicivora simulacrum bites you.
* * * LOW HITPOINT WARNING * * *
The culicivora simulacrum freezes you!!
You die...

#..# #.## #..## #..##
#...##### ##..#
##^.#...## ##.##
###^.#^..^## #..#
#.#^^.#^...# #...
##^#.^...#### ##.#
##^.#.s#^#.#.# #..#
#.###..@#^#..# ##..
##.^##Z(Z#.#### ##.
#.#^^###.##..# #####..
#.^..#.#...#.####.P.#.+
##^.###^.#..###........
####.#.^..## #........
#..#..#.###........
#....#####.........
##.### ##........


You could see a redback (soul bound), a redback simulacrum, a culicivora
simulacrum and a friendly +9 flail "Laimoul" {spect, rCorr Str+2} (summoned).

Vanquished Creatures
  An orc warlord (Arena)
  A fire dragon (Lair:5)
  2 vault guards (Bailey)
  2 hydras
  Erica (D:8)
  4 death yaks
  3 orc high priests (Orc:2)
  A pharaoh ant (Spider:1)
  A skyshark (Lair:5)
  5 orc knights
  3 lindwurms
  3 wolf spiders
  2 cyclopes
  8 orc sorcerers
  15 elephants
  A guardian serpent (Lair:5)
  A smoke demon (Volcano)
  9 black mambas
  7 torpor snails
  Maggie (D:9)
  21 cane toads
  5 komodo dragons
  A rime drake (Lair:2)
  A kobold demonologist (D:10)
  5 trolls
  4 tyrant leeches (Lair:5)
  A polar bear (Lair:1)
  Prince Ribbit (Bailey)
  13 blink frogs
  12 hornets
  4 dream sheep (Lair:5)
  3 tarantellas
  3 slime creatures (D:10)
  14 wyverns
  62 yaks
  2 wraiths (D:9)
  A vampire (D:6)
  5 humans (Bailey)
  3 basilisks
  A culicivora (Lair:3)
  8 steam dragons
  2 redbacks
  2 wargs (Orc:2)
  27 water moccasins
  A hell hound (Volcano)
  3 ice beasts
  11 black bears
  17 orc warriors
  6 ogres
  4 centaurs
  13 wolves
  A phantom (D:7)
  A kobold brigand (D:9)
  The ghost of hgbash the Shooter, an amateur SpHu (D:4)
  4 necrophages
  28 bullfrogs
  4 gnoll sergeants
  4 scorpions
  15 wights
  7 killer bees (D:10)
  4 electric eels
  4 howler monkeys (D:10)
  4 jellies
  7 orc priests
  5 hounds
  A gnoll bouda (D:4)
  Natasha (thrice) (D:4)
  8 iguanas
  18 orc wizards
  8 mummies (Ossuary)
  32 gnolls
  8 adders
  3 white imps
  2 ufetubi
  4 worms
  4 dart slugs
  41 orcs
  7 endoplasms
  4 giant cockroaches
  8 hobgoblins
  7 jackals
  7 kobolds
  A quokka (D:2)
  3 ball pythons (D:1)
  13 bats
  2 frilled lizards
  4 gnoll zombies (Ossuary)
  15 goblins
  4 kobold zombies (Ossuary)
  5 rats
  A plant (Lair:5)
629 creatures vanquished.

Vanquished Creatures (others)
  An orc warrior (Orc:2)
  2 bushes (Lair:2)
  35 fungi
  94 plants
132 creatures vanquished.

Grand Total: 761 creatures vanquished

Notes
Turn   | Place    | Note
-------+----------+-------------------------------------------
     0 | D:1      | FalseProphet the Gargoyle Gladiator began the quest for the
                  | Orb.
     0 | D:1      | Reached XP level 1. HP: 12/12 MP: 1/1
    65 | D:1      | Found a faded altar of an unknown god.
   107 | D:1      | Found Buan's Assorted Antiques.
   114 | D:1      | Reached XP level 2. HP: 15/17 MP: 2/2
   201 | D:1      | Found Vounasie's Book Emporium.
   243 | D:1      | Found Cuolam's Weapon Shop.
   306 | D:1      | Found Ninkaumm's Book Boutique.
   457 | D:1      | Reached XP level 3. HP: 21/21 MP: 3/3
   850 | D:2      | HP: 1/22 [worm (5)]
  1058 | D:2      | Reached XP level 4. HP: 27/27 MP: 4/4
  1202 | D:2      | Reached skill level 1 in Armour
  1223 | D:2      | Reached skill level 1 in Stealth
  2146 | D:3      | Found a blossoming altar of Fedhas.
  2394 | D:4      | Found a sand-covered staircase.
  2400 | Ossuary  | Entered an ossuary
  2420 | Ossuary  | Reached XP level 5. HP: 18/31 MP: 5/5
  2458 | Ossuary  | HP: 1/72 [mummy (10)]
  2704 | Ossuary  | Reached skill level 5 in Maces & Flails
  2856 | Ossuary  | Gained mutation: You are covered in fur. (AC +1) [potion of
                  | mutation]
  2856 | Ossuary  | Gained mutation: You have an increased reservoir of magic.
                  | (+10% MP) [potion of mutation]
  2857 | Ossuary  | Lost mutation: You have an increased reservoir of magic.
                  | (+10% MP) [potion of mutation]
  2857 | Ossuary  | Lost mutation: You are covered in fur. (AC +1) [potion of
                  | mutation]
  2857 | Ossuary  | Gained mutation: You have sharp toenails. [potion of
                  | mutation]
  2857 | Ossuary  | Gained mutation: Armour fits poorly on your strangely
                  | shaped body. [potion of mutation]
  2891 | D:4      | Reached XP level 6. HP: 26/36 MP: 6/6
  2996 | D:4      | Noticed Natasha
  3285 | D:4      | Found a transporter.
  3285 | D:4      | Noticed hgbash's ghost (amateur SpHu)
  3455 | D:4      | Killed Natasha
  3456 | D:4      | Reached skill level 3 in Fighting
  3561 | D:4      | Noticed Natasha
  3573 | D:4      | Killed Natasha
  3767 | D:4      | Noticed an ice beast
  3778 | D:4      | Killed an ice beast
  3779 | D:4      | Reached XP level 7. HP: 29/41 MP: 7/7
  3986 | D:4      | Noticed Natasha
  3989 | D:4      | Killed Natasha
  4307 | D:4      | Identified the +4 dire flail of Supply {pain, rC+ rN++
                  | Str-2 Dex-3}
  4313 | D:4      | Found a transporter.
  4337 | D:4      | Killed hgbash's ghost
  4403 | D:5      | Entered Level 5 of the Dungeon
  4472 | D:5      | Reached skill level 4 in Fighting
  4475 | D:5      | Reached XP level 8. HP: 33/48 MP: 8/8
  4514 | D:5      | HP: 2/48 [acid (5)]
  4794 | D:5      | Lost mutation: Armour fits poorly on your strangely shaped
                  | body. [potion of mutation]
  4794 | D:5      | Lost mutation: You have sharp toenails. [potion of
                  | mutation]
  4794 | D:5      | Gained mutation: Your flesh is heat resistant. (rF+)
                  | [potion of mutation]
  4794 | D:5      | Gained mutation: Your natural rate of healing is unusually
                  | fast. [potion of mutation]
  4843 | D:5      | Reached skill level 5 in Fighting
  4941 | D:5      | Reached XP level 9. HP: 54/54 MP: 9/9
  4995 | D:5      | Reached skill level 5 in Armour
  5112 | D:5      | Found a staircase to the Ecumenical Temple.
  5170 | Temple   | Entered the Ecumenical Temple
  5228 | Temple   | Became a worshipper of Warmaster Okawaru
  5264 | D:5      | Found a broken altar of Ashenzari.
  5264 | D:5      | Found a snail-covered altar of Cheibriados.
  5315 | D:5      | Found the +7 staff of the Meek {protect, meekguard}
  5377 | D:5      | Noticed sircluck's ghost (amateur TrDe)
  5391 | D:5      | Found a transporter.
  5411 | D:5      | Found a transporter.
  5544 | D:6      | Reached skill level 6 in Fighting
  5598 | D:6      | Found Delosueth's Weapon Emporium.
  5646 | D:6      | Found Xetrunez's Overcharged Wands.
  5772 | D:6      | Noticed a troll
  5784 | D:6      | Killed a troll
  5784 | D:6      | Reached * piety under Okawaru
  5785 | D:6      | Reached skill level 10 in Maces & Flails
  5892 | D:6      | Found a glowing drain.
  5917 | Sewer    | Entered a sewer
  5977 | Sewer    | Identified the +4 flail of the Wheel {heavy, Str+2}
  6086 | D:6      | Reached XP level 10. HP: 61/61 MP: 10/10
  6146 | D:6      | Reached skill level 7 in Fighting
  6514 | D:6      | Found a glowing silver altar of Zin.
  6514 | D:6      | Found an opulent altar of Gozag.
  6578 | D:7      | Reached ** piety under Okawaru
  6675 | D:7      | Identified the +9 flail "Laimoul" {spect, rCorr Str+2}
  7110 | D:8      | Noticed Erica
  7114 | D:8      | Killed Erica
  7114 | D:8      | Reached *** piety under Okawaru
  7302 | D:8      | Identified a scroll of acquirement
  7302 | D:8      | Acquired a manual of Fighting
  7429 | D:8      | Reached skill level 8 in Fighting
  7774 | D:8      | Found a shimmering blue altar of Sif Muna.
  7920 | D:9      | Reached **** piety under Okawaru
  7924 | D:9      | Reached XP level 11. HP: 66/69 MP: 11/11
  7927 | D:9      | Reached skill level 9 in Fighting
  7975 | D:9      | Noticed Maggie
  7987 | D:9      | Killed Maggie
  7988 | D:9      | Reached skill level 5 in Dodging
  8272 | D:9      | Found a staircase to the Orcish Mines.
  8712 | D:10     | Entered Level 10 of the Dungeon
  8715 | D:10     | Reached ***** piety under Okawaru
  8757 | D:10     | Reached skill level 10 in Fighting
  8975 | D:10     | Found a flagged portal.
  8979 | D:10     | Noticed a death yak
  8980 | D:10     | Noticed a death yak
  8982 | D:10     | Noticed a death yak
  9015 | D:10     | Killed a death yak
  9022 | D:10     | Reached skill level 11 in Fighting
  9064 | Bailey   | Entered a bailey
  9091 | Bailey   | Received a gift from Okawaru
  9116 | Bailey   | Noticed a vault guard
  9116 | Bailey   | Noticed Prince Ribbit
  9121 | Bailey   | Killed Prince Ribbit
  9125 | Bailey   | Killed a vault guard
  9126 | Bailey   | Reached XP level 12. HP: 63/80 MP: 12/12
  9162 | Bailey   | Lost mutation: Your natural rate of healing is unusually
                  | fast. [potion of mutation]
  9162 | Bailey   | Lost mutation: Your flesh is heat resistant. (rF+) [potion
                  | of mutation]
  9162 | Bailey   | Gained mutation: You are weak. (Str -2) [potion of
                  | mutation]
  9180 | Bailey   | Noticed a vault guard
  9199 | Bailey   | Killed a vault guard
  9343 | D:10     | Killed a death yak
  9344 | D:10     | Reached skill level 12 in Fighting
  9353 | D:10     | Killed a death yak
  9476 | D:10     | Found a staircase to the Lair.
  9669 | D:10     | Reached ****** piety under Okawaru
 10044 | Lair:1   | Entered Level 1 of the Lair of Beasts
 10064 | Lair:1   | Identified the +3 robe of Baycs {Rampage Str+3} (Okawaru
                  | gifted it to you on level 1 of the Lair of Beasts)
 10064 | Lair:1   | Received a gift from Okawaru
 10108 | Lair:1   | Reached skill level 1 in Invocations
 10353 | Lair:1   | Reached skill level 13 in Fighting
 10353 | Lair:1   | Reached skill level 10 in Armour
 10526 | Lair:1   | Reached skill level 15 in Maces & Flails
 10931 | Lair:2   | Reached XP level 13. HP: 85/89 MP: 15/15
 10953 | Lair:2   | Reached skill level 14 in Fighting
 11290 | Lair:2   | Found a dark tunnel.
 11330 | Volcano  | Entered a volcano
 11579 | Lair:2   | Identified the +1 plate armour of Zealous Mirth {rF- Str+5
                  | Dex+9} (Okawaru gifted it to you on level 2 of the Lair of
                  | Beasts)
 11579 | Lair:2   | Received a gift from Okawaru
 11603 | Lair:2   | Reached skill level 5 in Invocations
 11720 | Lair:2   | Reached skill level 15 in Fighting
 12216 | Lair:2   | Found a staircase to the Swamp.
 13500 | Lair:3   | Found a hole to the Spider Nest.
 13842 | Lair:4   | Gained mutation: Your large and strong wings let you fly.
                  | [Gargoyle growth]
 13842 | Lair:4   | Reached XP level 14. HP: 76/99 MP: 18/18
 14128 | Lair:4   | Reached skill level 16 in Fighting
 14359 | Lair:4   | Identified the +3 crystal plate armour of the Devil's
                  | Advocate {Harm Will+ Int+2} (Okawaru gifted it to you on
                  | level 4 of the Lair of Beasts)
 14359 | Lair:4   | Received a gift from Okawaru
 14956 | Lair:5   | Entered Level 5 of the Lair of Beasts
 15475 | Lair:5   | Found a staircase to the Slime Pits.
 16479 | Lair:5   | Received a gift from Okawaru
 16608 | Lair:5   | Found a runed translucent door.
 16651 | Lair:5   | Reached skill level 17 in Fighting
 16984 | Lair:5   | Reached skill level 5 in Stealth
 17517 | Orc:1    | Entered Level 1 of the Orcish Mines
 17568 | Orc:1    | Reached XP level 15. HP: 101/107 MP: 21/21
 17657 | Orc:2    | Entered Level 2 of the Orcish Mines
 17969 | Orc:2    | Found Annias's Book Shoppe.
 18654 | Orc:2    | Found a staircase to the Elven Halls.
 18655 | Orc:2    | Noticed an orc warlord
 18717 | Arena    | Entered the Arena
 18729 | Arena    | Killed an orc warlord
 19069 | Orc:2    | Found Pinenk's Book Shoppe.
 19236 | Orc:2    | Found Teicazas's Armour Shop.
 19236 | Orc:2    | Found Focac's Antique Weapon Shop.
 19255 | Orc:2    | Bought a crude morningstar for 234 gold pieces
 19255 | Orc:2    | Identified the +1 morningstar "Orb Guardian's Curse"
                  | {venom, rC+ Str+3 Dex+2} (You bought it in a shop on level
                  | 2 of the Orcish Mines)
 20033 | Swamp:1  | Entered Level 1 of the Swamp
 20099 | Spider:1 | Entered Level 1 of the Spider Nest
 20105 | Spider:1 | Received a gift from Okawaru
 20121 | Lair:3   | Slain by a culicivora simulacrum

Illustrated notes

Levels and vault maps discovered:
D:1:      heliophobic_arrival_battle_scene, layout_loops_ring,
          chequers_ecumenical_altar_island, serial_shops, nicolae_square_shop,
          shop, shop, shop
D:2:      layout_basic
D:3:      layout_rooms, lemuel_round_altar, chequers_big_river,
          dk_noncrumbling_2
D:4:      layout_basic, nicolae_ossuary_entry_plus, gammafunk_ghost_smash,
          uniq_natasha
D:5:      minmay_octagon_keep, layout_basic, nicolae_overflow_two_pavilions,
          temple_fountains, gammafunk_ghost_stat_death, minmay_joined_circles
D:6:      kennysheep_big_flooded_room, layout_loops_ring,
          grunt_temple_overflow_gold_and_silver, cheibrodos_sewer_entry_bend,
          serial_shops, kennysheep_mini_moat, nicolae_shop_overcharged_wands
D:7:      layout_cave_pools, minmay_fractal_squares_gapless_5
D:8:      layout_loops_cross, led_sif_pool, uniq_erica
D:9:      layout_basic, orc_0_dummy, uniq_maggie
D:10:     layout_irregular_city, dpeg_lair_monsters, enter_bailey_5,
          kennysheep_another_room, minmay_fractal_squares_diagonal_5
Temple:   compressed_dpeg_triangle_lava_temple
Lair:1:   layout_chaotic_city, beast_lair_carwin_7, lemuel_fruit_fields
Lair:2:   layout_cave_pods, swamp_mist, nicolae_volcano_entry_vermiform,
          minmay_stone_trees_medium, nicolae_lair_grazing_beasts
          [nicolae_sub_lair_graze_edge, nicolae_sub_lair_graze_edge,
          nicolae_sub_lair_graze_edge, nicolae_sub_lair_graze_edge]
Lair:3:   layout_roguey, spider_nest_entry_rubble
Lair:4:   layout_small_grid, serial_bayou_pond_b, infiniplex_staircase_pool_2
Lair:5:   wormcave, layout_misc_corridors, hangedman_lair_tendril_chambers,
          slime_entry_1
Swamp:1:  layout_basic_swamp, gammafunk_ghost_necromancy, serial_swamp_ruin,
          evilmike_swamp_ruin_house_3, evilmike_swamp_ruin_rubble_2,
          evilmike_swamp_ruin_house_1
Spider:1: layout_spider_delve
Orc:1:    layout_caves
Orc:2:    st_orc_elflike, layout_caves, mines_bat_river

Skill      XL: |  1  2  3  4  5  6  7  8  9 10 11 12 13 14 15 |
---------------+----------------------------------------------+-----
Maces & Flails | 4 5 6 8 10 11 13 15 16 | 16.7
Armour         | 1 2 3 4 6 8 9 10 11 13 14 | 14.2
Stealth        | 1 2 4 5 |  5.1
Dodging        | 3 4 5 |  5.2
Fighting       | 3 4 5 6 8 11 13 15 17 | 17.5
Invocations    | 3 6 8 9 |  9.4
Throwing       | |  1.9

Action                     |  1- 3 |  4- 6 |  7- 9 | 10-12 | 13-15 || total
---------------------------+-------+-------+-------+-------+-------++-------
  Melee: Flail             |   109 |   188 |    48 |   487 |   672 ||  1504
         Punch             |     2 |     2 |     1 |     8 |    11 ||    24
         Kick              |       |    21 |    32 |       |       ||    53
         Dire flail        |       |       |   300 |       |       ||   300
 Invoke: Heroism           |       |       |       |     3 |     6 ||     9
         Finesse           |       |       |       |       |     1 ||     1
         Duel              |       |       |       |       |     1 ||     1
    Use: Scroll            |     2 |    10 |     9 |    12 |     4 ||    37
         Potion            |       |     9 |     4 |     1 |     6 ||    20
   Stab: Sleeping          |     2 |     1 |       |       |       ||     3
         Distracted        |       |       |       |     3 |     9 ||    12
 Armour: Leather armour    |    41 |    82 |    18 |       |       ||   141
         Skin              |       |    11 |       |       |       ||    11
         Crystal plate arm |       |       |   369 |   385 |   566 ||  1320
  Dodge: Dodged            |    79 |   147 |    67 |   120 |   262 ||   675
         Repelled          |       |       |     1 |     1 |     4 ||     6

Table legend: (Time is in decaauts)
 A = Elapsed time spent in this place.
 B = Non-inter-level travel time spent in this place.
 C = Inter-level travel time spent in this place.
 D = Time resting spent in this place.
 E = Time spent auto-exploring this place.
 F = Levels seen in this place.
 G = Mean time per level.
                   A        B        C        D        E       F      G
               +--------+--------+--------+--------+--------+-----+--------+
         Total |  19932 |  18921 |   1011 |   1865 |  13492 |  25 |  797.3 |
       Dungeon |   9254 |   8772 |    482 |    664 |   6267 |  10 |  925.4 |
        Temple |     71 |     59 |     12 |      0 |     37 |   1 |   71.0 |
          Lair |   7288 |   6977 |    311 |    387 |   5573 |   5 | 1457.6 |
         Swamp |      1 |      0 |      1 |      0 |      0 |   1 |    1.0 |
   Spider Nest |     11 |     11 |      0 |      0 |      0 |   1 |   11.0 |
  Orcish Mines |   2353 |   2150 |    203 |    552 |   1254 |   2 | 1176.5 |
         Sewer |     84 |     84 |      0 |      0 |     39 |   1 |   84.0 |
       Ossuary |    497 |    497 |      0 |    231 |    148 |   1 |  497.0 |
        Bailey |    258 |    258 |      0 |      0 |    153 |   1 |  258.0 |
       Volcano |     80 |     80 |      0 |     10 |     20 |   1 |   80.0 |
         Arena |     30 |     30 |      0 |     20 |      0 |   1 |   30.0 |
               +--------+--------+--------+--------+--------+-----+--------+

Top non-repeatable levels by time:
  Lair:5: 2406 daAuts
     D:4: 1582 daAuts
  Lair:2: 1512 daAuts
  Lair:3: 1362 daAuts
   Orc:2: 1309 daAuts
  Lair:4: 1142 daAuts
    D:10: 1078 daAuts
   Orc:1: 1044 daAuts
     D:5: 1021 daAuts
     D:6: 966 daAuts
     D:9: 921 daAuts
     D:3: 885 daAuts
  Lair:1: 864 daAuts
     D:2: 823 daAuts
     D:8: 769 daAuts
